 Dungeon Crawl Stone Soup version 0.27-a0-660-g90476cec82 (webtiles) character file.

Game seed: 16093948785110879461

8505 rednaxela the Brawler (level 11, -5/90 HPs)
             Began as a Naga Monk on Mar 17, 2021.
             Was a Believer of Cheibriados.
             Killed from afar by Fannar (19 damage)
             ... with a bolt of cold
             ... on level 10 of the Dungeon.
             The game lasted 00:38:16 (15901 turns).

rednaxela the Brawler (Naga Monk)                  Turns: 15901, Time: 00:38:17

Health: -5/90      AC: 17    Str: 21    XL:     11   Next: 31%
Magic:  6/11       EV: 11    Int: 16    God:    Cheibriados [**....]
Gold:   385        SH:  5    Dex: 19    Spells: 10/10 levels left

rFire    + . .     SeeInvis +     - Unarmed
rCold    . . .     Faith    .   i - +0 buckler
rNeg     . . .     Spirit   .   c - +1 robe {rF+}
rPois    +         Reflect  .   q - +2 helmet
rElec    .         Harm     .   (no cloak)
rCorr    .         Rampage  .   x - +0 pair of gloves
Will     +....                  (no barding)
Stlth    +++.......             (no amulet)
HPRegen  0.25/turn              k - +4 ring of protection
MPRegen  0.12/turn              p - +4 ring of protection

@: very slow
A: AC +3, large, see invisible, deformed body, poison resistance, slowness 2,
spit poison 1, naga tail 1
a: Spit Poison, Renounce Religion, Bend Time


You were on level 10 of the Dungeon.
You worshipped Cheibriados.
Cheibriados was pleased with you.
You visited 3 branches of the dungeon, and saw 13 of its levels.

You collected 385 gold pieces.

Inventory:

Missiles
 e - 188 arrows
 j - 188 stones (quivered)
 u - 26 poisoned darts
Armour
 c - a +1 robe of fire resistance (worn)
   (You took it off Sigmund on level 3 of the Dungeon)
 i - a +0 buckler (worn)
   (You found it on level 1 of the Dungeon)
 q - a +2 helmet (worn)
   (You took it off Robin on level 4 of the Dungeon)
 x - a +0 pair of gloves (worn)
   (You found it on level 10 of the Dungeon)
Jewellery
 a - a ring of fire
   (You found it on level 3 of the Dungeon)
 k - a +4 ring of protection (right hand)
   (You took it off Dowan on level 4 of the Dungeon)
 o - a ring of protection from fire
   (You found it on level 9 of the Dungeon)
 p - a +4 ring of protection (left hand)
   (You found it on level 6 of the Dungeon)
 s - a +6 ring of strength
   (You found it on level 10 of the Dungeon)
Wands
 d - a wand of acid (5) {@v1}
   (You found it on level 10 of the Dungeon)
 g - a wand of digging (6) {@v3}
   (You found it on level 4 of the Dungeon)
 m - a wand of flame (28) {@v4}
   (You took it off an orc on level 10 of the Dungeon)
 n - a wand of paralysis (3)
   (You found it on level 9 of the Dungeon)
Scrolls
 h - a scroll of amnesia
 r - a scroll of immolation
 t - 3 scrolls of enchant weapon
Potions
 b - a potion of brilliance
 l - 3 potions of haste {unknown}
 v - a potion of curing {@q1 !q}
 w - a potion of ambrosia {unknown}


   Skills:
 + Level 3.2 Fighting
 + Level 0.8 Armour
 + Level 2.6 Dodging
 - Level 3.0 Stealth
 - Level 2.4 Shields
 - Level 16.0 Unarmed Combat
 + Level 1.1 Invocations


You had 10 spell levels left.
You didn't know any spells.
Your spell library contained the following spells:

 Spells                   Type           Power      Damage    Failure   Level
 Beastly Appendage        Tmut           0%         N/A       26%         1
 Summon Small Mammal      Summ           0%         N/A       26%         1
 Call Imp                 Summ           0%         N/A       36%         2
 Wereblood                Tmut           0%         N/A       36%         2
 Call Canine Familiar     Summ           0%         N/A       58%         3
 Spider Form              Tmut/Pois      0%         N/A       58%         3
 Summon Guardian Golem    Hex/Summ       0%         N/A       58%         3
 Ice Form                 Ice/Tmut       0%         N/A       94%         4
 Summon Ice Beast         Ice/Summ       0%         N/A       94%         4
 Summon Lightning Spire   Summ/Air       0%         N/A       94%         4
 Blade Hands              Tmut           0%         N/A       100%        5


Dungeon Overview and Level Annotations

Branches:
Dungeon (11/15)            Temple (1/1) D:4            Lair (1/6) D:8
    Orc: D:9-12

Altars:
Ashenzari
Cheibriados
Dithmenos
Elyvilon
Fedhas
Gozag
Hepliaklqana
Kikubaaqudgha
Makhleb
Nemelex Xobeh
Okawaru
Qazlal
Ru
Sif Muna
Trog
Uskayaw
Vehumet
Wu Jian
Xom
Yredelemnul
Zin
The Shining One

Annotations:
D:4 2 transporters
D:8 exclusion: orange crystal statue
D:10 Erolcha, Fannar, Joseph


Innate Abilities, Weirdness & Mutations

Your serpentine skin is tough. (AC +3)
You have supernaturally acute eyesight. (SInv)
Armour fits poorly on your strangely shaped body.
Your system is resistant to poisons. (rPois)
You cover ground very slowly.
You can spit poison.
You have a snake-like lower body.


Message History

Items here: ))) [[ ††.
w - a blue potion
Things that are here:
a +0 dagger; a +2 robe of willpower As you close the door, pushing everything out of the way, it creaks loudly!
Items here: ))) [[ †.
You start resting.
HP restored.
You open the door.
There is an open door here.
You see here an orc skeleton.
You see here a +0 pair of gloves.
x - a +0 pair of gloves You start putting on your armour.
You continue putting on your +0 pair of gloves. x4
You finish putting on your +0 pair of gloves.
There is an open door here.
Found a stone staircase leading down.
There is a stone staircase leading down here.
You climb downwards.
You hear a distant snort.
Hark!
There is a gateway to a gauntlet on this level.
Find the entrance quickly before the gate is sealed!
Found a stone staircase leading down.
There is a stone staircase leading up here.
You climb upwards.
Level annotation: Erolcha, Fannar, Joseph
There is a stone staircase leading down here.
There is an open door here.
Fannar is nearby!
Fannar shouts!
Found a thin hardcover book.
The flow of time bends around you.
Cheibriados lowers the support of your attributes as your movement quickens.
The flow of time bends around you.
You punch Fannar!
Fannar is lightly wounded.
Fannar barely misses you.
You punch Fannar!
Fannar is moderately wounded.
You hit Fannar but do no damage.
Fannar is moderately wounded.
You block Fannar's attack.
You hit Fannar.
Fannar is moderately wounded.
Fannar says, "Does this not give you the chills?"
You block Fannar's attack.
You miss Fannar.
Fannar is moderately wounded.
You hit Fannar.
Fannar is moderately wounded.
Fannar misses you.
You closely miss Fannar.
Fannar is moderately wounded.
Fannar hits you but does no damage.
You closely miss Fannar.
Fannar is moderately wounded.
Fannar hits you with a +0 quarterstaff of freezing!
Fannar freezes you.
You hit Fannar.
Fannar is moderately wounded.
The electric eel shoots out a bolt of lightning at you!
The bolt of electricity hits you!
An electric eel comes into view.
You hit Fannar.
Fannar is heavily wounded.
Fannar hits you but does no damage.
Okay, then.
The electric eel shoots out a bolt of lightning at you!
The bolt of electricity hits you.
Fannar points at you and mumbles some strange words.
The bolt of cold hits you!!
* * * LOW HITPOINT WARNING * * *
The electric eel shoots out a bolt of lightning at you!
The bolt of electricity hits the electric eel.
The electric eel completely resists.
The bolt of electricity hits you.
* * * LOW HITPOINT WARNING * * *
The iguana hisses angrily.
Really read
f - a scroll of fog {!r}?
As you read the scroll of fog {!r}, it crumbles to dust.
The scroll dissolves into smoke.
Fannar hits you with a +0 quarterstaff of freezing!
* * * LOW HITPOINT WARNING * * *
Fannar freezes you.
* * * LOW HITPOINT WARNING * * *
The electric eel shoots out a bolt of lightning at you!
The bolt of electricity hits you.
* * * LOW HITPOINT WARNING * * *
The bolt of electricity hits the iguana.
You pummel Fannar!!
Fannar is severely wounded.
Fannar misses you.
You miss Fannar.
Fannar is severely wounded.
The electric eel shoots out a bolt of lightning at you!
The bolt of electricity hits you!
* * * LOW HITPOINT WARNING * * *
The bolt of electricity hits the iguana.
Fannar casts a spell at you. The bolt of cold hits you!!
You die...

≈≈≈≈ ≈≈≈≈♣≈#
≈≈≈≈Q♣≈≈≈♣≈# ###
≈≈≈≈≈≈≈≈♣≈.# ### #...
♣≈≈≈;≈≈≈♣≈.# ###..
#...≈♣≈≈≈≈≈♣♣≈≈.####...#
#....♣♣♣≈≈≈♣♣#......>###
#:.....♣;♣≈≈.'......##
'.....§§§♣≈..########
#....§§@e....#
######l####### #§§
#####+## #.# .......# #.
)......+ #' )......# .
.......# . .......#


You could see Fannar (icy armour), an iguana and an electric eel.

Vanquished Creatures
  Josephine (D:10)
  A boulder beetle (D:8)
  A two-headed ogre (D:10)
  A troll (D:5)
  A hornet (D:9)
  Prince Ribbit (D:8)
  Grinder (D:3)
  A blink frog (D:8)
  Sigmund (D:3)
  5 wraiths (D:10)
  Menkaure (D:6)
  Duvessa (D:4)
  A water moccasin (D:10)
  An orc warrior (D:10)
  A sky beast (D:6)
  3 black bears
  2 ice beasts
  7 ogres
  A phantom (D:7)
  3 centaurs
  2 bullfrogs
  Dowan (D:4)
  A scorpion (D:6)
  15 killer bees
  5 wights (D:7)
  4 howler monkeys
  3 centaur skeletons
  7 hounds
  12 orc priests
  3 iguanas
  Jessica (D:2)
  Natasha (D:2)
  9 orc wizards
  5 worker ants
  A worker ant zombie (D:5)
  Robin (D:4)
  9 adders
  3 white imps
  An ooze (D:6)
  5 ufetubi
  2 adder skeletons
  2 worms (D:2)
  5 dart slugs
  5 leopard geckos
  36 orcs
  6 bats
  7 giant cockroaches
  16 goblins
  5 hobgoblins
  5 jackals
  2 quokkas
  2 ball pythons
  5 frilled lizards
  7 kobolds
  A leopard gecko zombie (D:6)
  3 quokka skeletons
  A quokka zombie (D:5)
  8 rats
242 creatures vanquished.

Vanquished Creatures (others)
  A quokka (D:7)
  2 fungi (Lair:1)
  39 plants
  4 toadstools (D:1)
46 creatures vanquished.

Grand Total: 288 creatures vanquished

Notes
Turn   | Place    | Note
-------+----------+-------------------------------------------
     0 | D:1      | rednaxela the Naga Monk began the quest for the Orb.
     0 | D:1      | Reached XP level 1. HP: 21/21 MP: 1/1
   516 | D:1      | Reached XP level 2. HP: 10/28 MP: 2/2
  1481 | D:2      | Reached XP level 3. HP: 30/34 MP: 3/3
  1522 | D:2      | Noticed an ogre
  1529 | D:2      | Killed an ogre
  1530 | D:2      | Reached skill level 2 in Shields
  1530 | D:2      | Reached skill level 4 in Unarmed Combat
  1530 | D:2      | Reached XP level 4. HP: 35/42 MP: 4/4
  1733 | D:2      | Noticed Natasha
  2120 | D:2      | Noticed Jessica
  2131 | D:2      | Reached XP level 5. HP: 28/49 MP: 5/5
  2317 | D:2      | Killed Jessica
  2498 | D:2      | Reached skill level 5 in Unarmed Combat
  3186 | D:2      | Killed Natasha
  3256 | D:2      | Found a basalt altar of Yredelemnul.
  3258 | D:2      | Noticed a profane servitor
  3263 | D:2      | Found a glowing golden altar of the Shining One.
  3267 | D:2      | Noticed an angel
  4072 | D:3      | Reached XP level 6. HP: 45/56 MP: 6/6
  4165 | D:3      | Noticed Grinder
  4179 | D:3      | Killed Grinder
  4180 | D:3      | Reached skill level 6 in Unarmed Combat
  4698 | D:3      | Reached XP level 7. HP: 58/62 MP: 7/7
  4763 | D:3      | You fall into a shaft and drop 2 floors!
  4763 | D:5      | Entered Level 5 of the Dungeon
  4803 | D:4      | Found a transporter.
  4830 | D:4      | Found a transporter.
  4845 | D:4      | Noticed Sigmund
  4967 | D:4      | Noticed Robin
  4978 | D:4      | Found a staircase to the Ecumenical Temple.
  4990 | D:4      | Reached skill level 7 in Unarmed Combat
  5007 | Temple   | Entered the Ecumenical Temple
  5497 | D:3      | Found a shimmering blue altar of Sif Muna.
  5638 | D:3      | Killed Sigmund
  5871 | D:4      | Reached skill level 8 in Unarmed Combat
  6243 | D:4      | Reached XP level 8. HP: 40/69 MP: 8/8
  6603 | D:4      | Reached skill level 9 in Unarmed Combat
  7131 | D:4      | Killed Robin
  8135 | D:5      | Found a burning altar of Makhleb.
  8240 | D:5      | Reached skill level 10 in Unarmed Combat
  8764 | D:5      | Noticed a troll
  8774 | D:5      | Killed a troll
  8775 | D:5      | Reached skill level 11 in Unarmed Combat
  8775 | D:5      | Reached XP level 9. HP: 33/75 MP: 9/9
  9269 | D:5      | Found a sacrificial altar of Ru.
  9301 | D:5      | Noticed Dowan
  9301 | D:5      | Noticed Duvessa
  9328 | D:4      | Killed Duvessa
  9333 | D:4      | HP: 1/75 [Dowan/shard of ice (10)]
  9339 | D:4      | Killed Dowan
 10117 | D:6      | Noticed Menkaure
 10124 | D:6      | Killed Menkaure
 10125 | D:6      | Reached skill level 12 in Unarmed Combat
 11029 | D:7      | Reached skill level 13 in Unarmed Combat
 11128 | D:7      | Reached XP level 10. HP: 61/84 MP: 10/10
 11310 | D:7      | You fall into a shaft and drop 2 floors!
 11883 | D:7      | Found a stormy altar of Qazlal.
 11901 | D:7      | Found a white marble altar of Elyvilon.
 12411 | D:8      | Found a bloodstained altar of Trog.
 12422 | D:8      | Noticed a boulder beetle
 12479 | D:8      | Found an ancient bone altar of Kikubaaqudgha.
 12563 | D:8      | Reached skill level 14 in Unarmed Combat
 12627 | D:8      | Noticed an orange crystal statue
 12663 | D:8      | Found a staircase to the Lair.
 12734 | D:8      | Noticed Prince Ribbit
 13041 | Lair:1   | Entered Level 1 of the Lair of Beasts
 13364 | D:8      | Killed a boulder beetle
 13605 | D:8      | Found a snail-covered altar of Cheibriados.
 13606 | D:8      | Found a hazy altar of Hepliaklqana.
 13689 | D:8      | Killed Prince Ribbit
 13738 | D:8      | Became a worshipper of Cheibriados the Contemplative
 13738 | D:8      | Reached * piety under Cheibriados
 13738 | D:8      | Reached ** piety under Cheibriados
 14599 | D:9      | Reached skill level 15 in Unarmed Combat
 14619 | D:9      | Found an iron altar of Okawaru.
 14885 | D:10     | Entered Level 10 of the Dungeon
 14946 | D:10     | Noticed Fannar
 14946 | D:10     | Noticed Joseph
 14946 | D:10     | Noticed a cyan ugly thing
 14965 | D:10     | Noticed a two-headed ogre
 14967 | D:10     | Noticed a tengu warrior
 15277 | D:10     | Noticed a two-headed ogre
 15288 | D:10     | Killed a two-headed ogre
 15289 | D:10     | Reached XP level 11. HP: 90/90 MP: 2/11
 15402 | D:10     | Noticed Josephine
 15571 | D:10     | Noticed Erolcha
 15607 | D:10     | Killed Josephine
 15608 | D:10     | Reached skill level 16 in Unarmed Combat
 15621 | D:10     | Reached skill level 1 in Invocations
 15901 | D:10     | Killed from afar by Fannar

Illustrated notes

Levels and vault maps discovered:
D:1:      ldierk_walled_garden_2, layout_basic
D:2:      layout_basic, grunt_temple_overflow_holy_war, chequers_avenue,
          uniq_natasha, uniq_jessica
D:3:      layout_loops_ring, lemuel_blue_sif_altar, serial_park_tiny_1,
          uniq_grinder
D:4:      gammafunk_wand_slinger, layout_basic,
          minmay_temple_entry_glassed_door, uniq_sigmund, uniq_robin
D:5:      cheibrodos_fzero, layout_cave_pools, nicolae_ru_the_path_less_chosen,
          portal_sewer_entry_b, makhleb_heckhound_becter, uniq_duvessa
D:6:      layout_basic, uniq_menkaure
D:7:      layout_cave_pools, nicolae_qazlal_style_of_elements, elyvilon_altar_4
D:8:      minmay_statue_hallways, layout_loops_ring,
          gammafunk_temple_overflow_statue, overflow_temple_1_default,
          lemuel_doored_altar, lair_entry_dummy, uniq_prince_ribbit1
D:9:      layout_irregular_city, kennysheep_mini
D:10:     layout_roguey, serial_bayou_lake_a, uniq_josephine, uniq_fannar,
          uniq_sonja, uniq_erolcha, uniq_joseph
D:11:     layout_basic, gauntlet_entry_generic
Temple:   minmay_temple_curvy_loop
Lair:1:   layout_cellular_growth, serial_bayou_shore_b, grunt_megastairs_2

Skill      XL: |  1  2  3  4  5  6  7  8  9 10 11 |
---------------+----------------------------------+-----
Shields        | 2 |  2.4
Unarmed Combat | 4 5 6 8 11 13 15 16 | 16.0
Invocations    | 1 |  1.1
Fighting       | |  3.2
Armour         | |  0.8
Dodging        | |  2.6
Stealth        | |  3.0

Action                   |  1- 3 |  4- 6 |  7- 9 | 10-12 || total
-------------------------+-------+-------+-------+-------++-------
Melee: Unarmed           |    59 |   184 |   396 |   331 ||   970
Throw: Dart              |       |       |     8 |     4 ||    12
       Stone             |       |       |     6 |       ||     6
Invok: Bend Time         |       |       |       |     7 ||     7
 Abil: Spit Poison       |     1 |     3 |     8 |     1 ||    13
Evoke: Wand              |       |       |    12 |     6 ||    18
  Use: Scroll            |     2 |     1 |    11 |     7 ||    21
       Potion            |       |     3 |     6 |     5 ||    14
 Stab: Sleeping          |     3 |     6 |     4 |     5 ||    18
       Distracted        |       |     1 |       |     1 ||     2
       Invisible         |       |       |       |     5 ||     5
       Paralysed         |       |       |       |     4 ||     4
Armor: Robe              |     5 |    18 |   101 |   115 ||   239
       Leather armour    |       |    14 |     5 |       ||    19
       Skin              |       |       |     2 |       ||     2
Dodge: Dodged            |    26 |    68 |   162 |   130 ||   386
Block: Buckler           |     4 |    24 |    72 |    64 ||   164

Table legend: (Time is in decaauts)
 A = Elapsed time spent in this place.
 B = Non-inter-level travel time spent in this place.
 C = Inter-level travel time spent in this place.
 D = Time resting spent in this place.
 E = Time spent auto-exploring this place.
 F = Levels seen in this place.
 G = Mean time per level.
                   A        B        C        D        E       F      G
               +--------+--------+--------+--------+--------+-----+--------+
         Total |  19324 |  18032 |   1292 |   4860 |   9562 |  13 | 1486.5 |
       Dungeon |  18985 |  17724 |   1261 |   4860 |   9290 |  11 | 1725.9 |
        Temple |    305 |    275 |     30 |      0 |    272 |   1 |  305.0 |
          Lair |     33 |     33 |      0 |      0 |      0 |   1 |   33.0 |
               +--------+--------+--------+--------+--------+-----+--------+

Top non-repeatable levels by time:
     D:4: 3588 daAuts
     D:2: 2874 daAuts
     D:8: 2340 daAuts
     D:3: 2175 daAuts
     D:9: 1673 daAuts
     D:1: 1561 daAuts
     D:6: 1454 daAuts
     D:5: 1171 daAuts
    D:10: 1140 daAuts
     D:7: 1003 daAuts
  Temple: 305 daAuts
  Lair:1: 33 daAuts
    D:11: 1 daAuts
